 Dungeon Crawl Stone Soup version 0.28.0-45-g0d030f2227 (webtiles) character file.

Game seed: 13667303904976306032

1052 pkoi the Charlatan (level 7, -10/57 HPs)
             Began as a Demigod Artificer on Apr 13, 2022.
             Mangled by an ogre
             ... wielding a +0 giant club
              (21 damage)
             ... on level 7 of the Dungeon.
             The game lasted 00:18:54 (12126 turns).

pkoi the Charlatan (Demigod Artificer)             Turns: 12126, Time: 00:18:55

Health: -10/57     AC:  6    Str: 13    XL:     7   Next: 76%
Magic:  9/9        EV: 11    Int: 27    God:
Gold:   368        SH:  0    Dex: 14    Spells: 6/6 levels left

rFire   . . .      SeeInvis .     - Unarmed
rCold   . . .      Faith    .   (no shield)
rNeg    . . .      Spirit   .   b - +0 leather armour
rPois   .          Reflect  .   l - +0 helmet
rElec   .          Harm     .   (no cloak)
rCorr   +          Rampage  .   n - +1 pair of gloves
Will    .....                   (no boots)
Stlth   +.........              (no amulet)
HPRegen 0.19/turn               v - +6 ring of intelligence
MPRegen 0.11/turn               j - ring of resist corrosion

@: no status effects
A: high MP 1, forlorn, divine attributes
a: no special abilities


You were on level 7 of the Dungeon.
You visited 2 branches of the dungeon, and saw 10 of its levels.

You collected 390 gold pieces.
You spent 22 gold pieces at shops.

Inventory:

Hand Weapons
 a - a +0 club
 i - a +1 whip of protection
Missiles
 p - 9 poisoned darts
 x - 5 javelins
 y - 6 boomerangs
Armour
 b - a +0 leather armour (worn)
 l - a +0 helmet (worn)
 n - a +1 pair of gloves (worn)
Jewellery
 j - a ring of resist corrosion (right hand)
 v - a +6 ring of intelligence (left hand)
Wands
 d - a wand of charming (2)
 u - a wand of polymorph (8)
Scrolls
 c - a scroll of fog
 h - 4 scrolls of teleportation
 k - a scroll of fear
 m - a scroll of silence
 q - 2 scrolls of magic mapping
 t - a scroll of enchant weapon
Potions
 f - 3 potions of brilliance {unknown}
 g - a potion of flight
 o - a potion of might
 r - 2 potions of curing
 s - 2 potions of ambrosia {unknown}
 w - a potion of heal wounds
Miscellaneous
 e - a piece from Xom's chessboard (11/15)


   Skills:
 - Level 3.0 Fighting
 - Level 1.7 Armour
 - Level 1.0 Dodging
 - Level 0.8 Stealth
 + Level 5.4 Unarmed Combat
 + Level 6.2 Evocations


You had 6 spell levels left.
You didn't know any spells.
Your spell library contained the following spells:

 Spells                   Type           Power      Damage    Failure   Level
 Animate Skeleton         Necr           0%         N/A       16%         1
 Pain                     Necr           0%         1d4       16%         1
 Ensorcelled Hibernation  Hex/Ice        0%         N/A       22%         2
 Passwall                 Tmut/Erth      0%         N/A       22%         2
 Swiftness                Air            0%         N/A       41%         3
 Vampiric Draining        Necr           0%         2d6       41%         3
 Borgnjor's Revivificati  Necr           0%         N/A       100%        8
 Necromutation            Tmut/Necr      0%         N/A       100%        8
 Death's Door             Necr           0%         N/A       100%        9


Dungeon Overview and Level Annotations

Branches:
Dungeon (9/15)             Temple (1/1) D:4
   Lair: D:8-11         Orc: D:9-12

Shops:
D:4 ?

Annotations:
D:6 Edmund


Innate Abilities, Weirdness & Mutations

You have an increased reservoir of magic. (+10% MP)
You shall have no god before yourself.
Your divine heritage dramatically boosts your attributes as you level up.


Message History

You start resting.
HP restored.
Things that are here:
a +0 hand axe; a +0 leather armour; an orc skeleton
Things that are here:
a +0 mace; an orc skeleton You see here a +0 hand axe.
Things that are here:
a +0 mace; an orc skeleton
Items here: ) [ รทรท.
Things that are here:
a +0 flail; a +0 leather armour You now have 368 gold pieces (gained 8).
Found an escape hatch in the ceiling.
z - a scroll labelled UNENOREAKK
As you read the scroll labelled UNENOREAKK, it crumbles to dust.
It is a scroll of amnesia.
You feel forgetful for a moment.
Found a stone staircase leading up.
There is an escape hatch in the ceiling here.
Found a dagger.
Found a stone staircase leading up.
There is a stone staircase leading up here.
You climb upwards.
The ogre shouts!
Found 13 stones.
There is a stone staircase leading down here.
You make a move on Xom's chessboard...
The ogre seems to grow stronger.
Unknown command.
You make a move on Xom's chessboard...
The ogre is moving more slowly.
Unknown command.
You hit the ogre.
The ogre is lightly wounded.
The ogre hits you with a +0 giant club!!!
Ouch! That really hurt!
* * * LOW HITPOINT WARNING * * *
You hit the ogre.
The ogre is moderately wounded.
The ogre hits you with a +0 giant club!!
You die...

# #(#####
#.#...###
#.......#
#..@....#
#..O....#
#.......#
#.#.....#
#.#.....#
#.......#
# ###.###
.#


You could see an ogre (strong, petrifying).

Vanquished Creatures
  An orc warrior (D:8)
  2 phantoms
  A jelly (D:4)
  A howler monkey (D:6)
  2 centaur zombies (D:5)
  2 orc priests
  A centaur skeleton (D:5)
  Terence (D:3)
  3 iguanas
  An orc wizard (D:5)
  7 gnolls
  8 adders
  An ufetubus (D:4)
  A worm (D:2)
  A dart slug (D:4)
  11 orcs
  7 ball pythons
  2 bats (D:3)
  6 endoplasms
  4 giant cockroaches
  3 goblins
  6 hobgoblins
  3 jackals (D:3)
  2 quokkas (D:1)
  4 frilled lizards (D:2)
  8 kobolds
  10 rats
99 creatures vanquished.

Vanquished Creatures (collateral kills)
  2 killer bees (D:9)
  An orc priest (D:8)
  An orc wizard (D:8)
  6 gnolls
  An endoplasm (D:3)
  A goblin (D:3)
  A jackal (D:3)
13 creatures vanquished.

Vanquished Creatures (others)
  A water moccasin (D:8)
  A killer bee (D:9)
  A gnoll shaman (D:4)
3 creatures vanquished.

Grand Total: 115 creatures vanquished

Notes
Turn   | Place    | Note
-------+----------+-------------------------------------------
     0 | D:1      | pkoi the Demigod Artificer began the quest for the Orb.
     0 | D:1      | Reached XP level 1. HP: 15/15 MP: 3/3
   369 | D:1      | Reached skill level 3 in Evocations
   589 | D:1      | Reached XP level 2. HP: 20/22 MP: 4/4
   846 | D:1      | Reached skill level 1 in Unarmed Combat
  2206 | D:2      | Reached XP level 3. HP: 24/27 MP: 5/5
  3525 | D:3      | Reached skill level 4 in Evocations
  3939 | D:3      | Reached XP level 4. HP: 34/34 MP: 6/6
  5108 | D:3      | Noticed Terence
  5116 | D:3      | Killed Terence
  5547 | D:4      | Reached XP level 5. HP: 39/39 MP: 7/7
  5586 | D:4      | Found a staircase to the Ecumenical Temple.
  5636 | Temple   | Entered the Ecumenical Temple
  5837 | D:4      | Reached skill level 1 in Fighting
  5837 | D:4      | Reached skill level 1 in Dodging
  6635 | D:4      | Reached skill level 5 in Evocations
  6635 | D:4      | Reached XP level 6. HP: 48/48 MP: 8/8
  7406 | D:5      | Entered Level 5 of the Dungeon
  8705 | D:4      | Found Ofaquces's Magic Scroll Shop.
  9358 | D:4      | Bought a scroll of fog for 22 gold pieces
  9598 | D:4      | Reached XP level 7. HP: 36/56 MP: 9/9
 10681 | D:6      | Noticed a steam dragon
 10767 | D:6      | Noticed Edmund
 10768 | D:6      | You fall into a shaft and drop 3 floors!
 10771 | D:9      | HP: 2/57 [centaur zombie (2)]
 11158 | D:9      | Noticed a yak
 11158 | D:9      | Noticed a yak
 11158 | D:9      | Noticed a yak
 11158 | D:9      | Noticed a yak
 11159 | D:9      | Noticed a yak
 11277 | D:9      | Reached skill level 5 in Unarmed Combat
 11494 | D:8      | Reached skill level 6 in Evocations
 12126 | D:7      | Mangled by an ogre

Illustrated notes

Levels and vault maps discovered:
D:1:      psy_arrival_dodecagon, layout_basic, chequers_garden
D:2:      layout_loops_ring, minmay_misc_feat_ornament
D:3:      layout_basic, minmay_misc_feat_four_crosses, uniq_terence
D:4:      layout_loops_corners, kiku_gazebo_pond_becter,
          minmay_temple_entry_trees, serial_shops, shop
D:5:      layout_loops_cross, gammafunk_temple_overflow_elements
D:6:      layout_basic, lemuel_round_altar, nicolae_overflow_crystal_walls,
          gammafunk_ghost_hive, uniq_crazy_yiuf_cottage, uniq_edmund
D:7:      layout_loops_cross
D:8:      layout_layer_cave, lemuel_tele_altar
D:9:      minmay_general_purpose_star, layout_gridville, tso_oasis_becter,
          gammafunk_temple_overflow_statue, grunt_ministairs_1
Temple:   kb_corrupted_temple

Skill      XL: |  1  2  3  4  5  6  7 |
---------------+----------------------+-----
Evocations     | 3 4 5 6 |  6.2
Unarmed Combat | 1 2 3 4 5 |  5.4
Fighting       | 1 2 3 |  3.0
Dodging        | 1 |  1.0
Armour         | |  1.7
Stealth        | |  0.8

Action                   |  1- 3 |  4- 6 |  7- 9 || total
-------------------------+-------+-------+-------++-------
Melee: Whip              |   189 |    94 |       ||   283
       Club              |     3 |       |       ||     3
       Punch             |     1 |     5 |     4 ||    10
       Unarmed           |       |   165 |   109 ||   274
Evoke: Wand              |     5 |    20 |     3 ||    28
       Piece from Xom's  |       |    14 |     5 ||    19
  Use: Scroll            |     1 |    13 |     5 ||    19
 Stab: Sleeping          |     1 |     2 |     1 ||     4
       Paralysed         |       |    11 |       ||    11
Armor: Leather armour    |    55 |    65 |    40 ||   160
Dodge: Dodged            |   104 |   162 |    48 ||   314
